 Dungeon Crawl Stone Soup version 0.23.2 (webtiles) character file.

Game seed: 6194084170596639408

8057 Freyura the Basher (level 11, -5/68 HPs)
             Began as a Gargoyle Fighter on Apr 10, 2019.
             Was an Elder of the Shining One.
             Slain by Snorg (7 damage)
             ... on level 10 of the Dungeon.
             The game lasted 00:34:13 (8054 turns).

Freyura the Basher (Gargoyle Fighter)               Turns: 8054, Time: 00:34:14

Health: -5/68      AC: 22    Str: 29    XL:     11   Next: 24%
Magic:  15/15      EV: 12    Int: 18    God:    the Shining One [****..]
Gold:   530        SH: 13    Dex: 12    Spells: 10/10 levels left

rFire    + . .     SeeInvis .   a - +1 flail (freeze)
rCold    . . .     Gourm    .   c - +1 shield
rNeg     + + +     Faith    .   C - +5 ring mail of the Wilderness {-Tele rCorr Int+4}
rPois    ∞         Spirit   .   k - +0 helmet
rElec    +         Reflect  .   y - scarf {repulsion}
rCorr    +         Harm     .   (no gloves)
MR       .....     NoTele   +   b - +0 pair of boots
Stlth    ..........             (no amulet)
HPRegen  0.21/turn              u - ring "Pauril" {rF+ Int+4 Slay+2}
MPRegen  0.14/turn              v - ring "Fiohusak" {Str+5 Stlth-}

@: mighty, glowing, repel missiles
A: negative energy resistance 1, electricity resistance, unbreathing,
petrification resistance, rot immunity, AC +8
a: Divine Shield, Cleansing Flame, Renounce Religion


You were on level 10 of the Dungeon.
You worshipped the Shining One.
The Shining One was greatly pleased with you.
You were hungry.

You visited 2 branches of the dungeon, and saw 11 of its levels.
You also visited: Sewer.

You collected 530 gold pieces.

Inventory:

Hand Weapons
 a - a +1 flail of freezing (weapon)
 n - a +0 flail of crushing
Armour
 b - a +0 pair of boots (worn)
 c - a +1 shield (worn)
 k - a +0 helmet (worn)
 y - a scarf of repulsion (worn)
 A - the +1 ring mail of Makhleb's Envy {Str-2 Dex+3}
   (You found it on level 7 of the Dungeon)

   It affects your strength (-2).
   It affects your dexterity (+3).
 C - the +5 ring mail of the Wilderness (worn) {-Tele rCorr Int+4}
   (You found it on level 8 of the Dungeon)

   It affects your intelligence (+4).
   It prevents most forms of teleportation.
   It provides partial protection from all sources of acid and corrosion.
Jewellery
 u - the ring "Pauril" (left hand) {rF+ Int+4 Slay+2}
   (You found it in a sewer)

   [ring of protection from fire]

   It affects your intelligence (+4).
   It affects your accuracy and damage with ranged weapons and melee attacks
   (+2).
   It protects you from fire.
 v - the ring "Fiohusak" (right hand) {Str+5 Stlth-}
   (You found it in a sewer)

   [ring of attention]

   It affects your strength (+5).
   It makes you less stealthy.
Wands
 d - a wand of disintegration (15)
 o - a wand of acid (7)
Scrolls
 h - a scroll of identify
 j - 3 scrolls of teleportation
 l - 2 scrolls of enchant weapon
 m - a scroll of blinking
 p - a scroll of fear
 s - 2 scrolls of remove curse
 w - a scroll of fog
 E - a scroll of amnesia
Potions
 e - 6 potions of curing
 g - a potion of cancellation
 i - 3 potions of resistance
 r - a potion of heal wounds {unknown}
 t - a potion of ambrosia {unknown}
 x - a potion of lignification {unknown}
 B - a potion of berserk rage {unknown}
Comestibles
 f - 14 rations


   Skills:
 + Level 8.0 Fighting
 * Level 9.7 Maces & Flails
 + Level 7.9 Armour
 + Level 5.4 Dodging
 + Level 8.0 Shields
 + Level 5.7 Invocations


You had 10 spell levels left.
You didn't know any spells.
Your spell library contained the following spells:

 Spells                   Type           Power        Failure   Level  Hunger
 Confusing Touch          Hex            #.....       58%         1    ##.....
 Shock                    Conj/Air       #...         58%         1    ##.....
 Swiftness                Chrm/Air       #.......     75%         2    ###....
 Confuse                  Hex            #.......     92%         3    ####...
 Gell's Gravitas          Tloc           #.........   92%         3    ####...
 Static Discharge         Conj/Air       #.......     92%         3    ####...
 Airstrike                Air            #.........   100%        4    #####..
 Petrify                  Tmut/Erth      #.......     100%        4    #####..
 Lightning Bolt           Conj/Air       #.........   100%        5    ######.
 Metabolic Englaciation   Hex/Ice        #.........   100%        5    ######.
 Yara's Violent Unravell  Hex/Tmut       #.........   100%        5    ######.


Dungeon Overview and Level Annotations

Branches:
Dungeon (10/15)            Temple (1/1) D:4
   Lair: D:8-11         Orc: D:9-12

Altars:
Ashenzari
Cheibriados
Dithmenos
Elyvilon
Fedhas
Gozag
Hepliaklqana
Kikubaaqudgha
Makhleb
Nemelex Xobeh
Okawaru
Qazlal
Ru
Sif Muna
Trog
Uskayaw
Vehumet
Wu Jian
Xom
Yredelemnul
Zin
The Shining One

Shops:
D:4 =

Annotations:
D:5 2 transporters, Menchi's ghost, novice KoAs
D:10 Snorg


Innate Abilities, Weirdness & Mutations

You are resistant to torment.
Your stone body is resilient. (AC +8)
You are immune to poison.
You resist negative energy. (rN+)
You are resistant to electric shocks. (rElec)
You can survive without breathing.
You are immune to petrification.
You are immune to rotting.


Message History

You bludgeon Snorg!! You freeze Snorg.
Snorg is heavily wounded.
You block Snorg's attack. Snorg claws you.
* * * LOW HITPOINT WARNING * * *
Snorg claws you but does no damage. You block Snorg's attack. x2
Snorg barely misses you.
You sock Snorg! You freeze Snorg.
Snorg is heavily wounded.
Snorg barely misses you. Snorg claws you but does no damage.
Snorg closely misses you.
You bludgeon Snorg!! You freeze Snorg.
Snorg is severely wounded.
Snorg bites you!
* * * LOW HITPOINT WARNING * * *
Snorg claws you. The Shining One protects you from harm!
You block Snorg's attack.
You feel very mighty all of a sudden.
You block Snorg's attack. x3; Snorg closely misses you.
Snorg claws you!
You die...

#.# #.# #.# #.#
#####+#### ##.#
#........#
...#########........#
#.........##........#
###.#####..+....T...#
#.# #....@...# #.#
######'### #.# #..#
#.## ###'##### #..##
#.......# ##..#
#.......# #####'###
#.......# ...†....#
#..[....# ........#
#.......#


You could see Snorg (berserk).

Vanquished Creatures
  A two-headed ogre (D:9)
  Joseph (D:7)
  A hornet (D:9)
  Grinder (D:6)
  A wyvern (D:9)
  10 yaks (D:9)
  4 hogs (D:7)
  A human (D:7)
  A hungry ghost (D:9)
  Duvessa (D:6)
  A water moccasin (D:5)
  2 black bears
  4 sky beasts
  3 orc warriors
  2 ice beasts
  A hornet zombie (D:7)
  4 phantoms
  3 centaurs (D:7)
  A crocodile (D:7)
  A big kobold (D:9)
  6 bullfrogs
  A gnoll sergeant (D:7)
  Dowan (D:6)
  A wyvern skeleton (D:6)
  4 killer bees (D:10)
  A water moccasin skeleton (D:7)
  A scorpion (D:9)
  2 howler monkeys (D:7)
  7 crimson imps
  8 orc wizards
  A centaur skeleton (D:8)
  2 orc priests
  4 hounds
  2 jellies
  2 iguanas
  Natasha (D:3)
  8 worker ants
  A hound zombie (D:7)
  4 gnolls (D:7)
  13 adders
  4 shadow imps
  2 oozes
  An adder skeleton (D:4)
  2 adder zombies
  2 worms
  3 dart slugs
  10 leopard geckos
  36 orcs
  7 ball pythons
  9 bats
  10 giant cockroaches
  6 goblins
  3 hobgoblins
  6 jackals
  6 quokkas
  8 frilled lizards
  A jackal zombie (D:7)
  7 kobolds
  A leopard gecko zombie (D:7)
  A quokka zombie (D:6)
  8 rats
247 creatures vanquished.

Notes
Turn   | Place    | Note
-------+----------+-------------------------------------------
     0 | D:1      | Freyura the Gargoyle Fighter began the quest for the Orb.
     0 | D:1      | Reached XP level 1. HP: 14/14 MP: 1/1
   238 | D:1      | Reached XP level 2. HP: 19/19 MP: 2/2
   817 | D:2      | Reached XP level 3. HP: 23/23 MP: 3/3
   987 | D:2      | Found an ornate altar of the Wu Jian Council.
  1140 | D:2      | Found a faded altar of an unknown god.
  1254 | D:3      | Reached skill level 1 in Dodging
  1313 | D:3      | Reached XP level 4. HP: 27/28 MP: 4/4
  1356 | D:3      | Reached skill level 3 in Maces & Flails
  1397 | D:3      | Found a glowing drain.
  1423 | Sewer    | Entered a sewer
  1620 | Sewer    | Noticed a bullfrog
  1632 | Sewer    | Killed a bullfrog
  1632 | Sewer    | Reached XP level 5. HP: 22/33 MP: 5/5
  1649 | Sewer    | Reached XP level 6. HP: 11/38 MP: 6/6
  1866 | Sewer    | Got a translucent brass ring
  1868 | Sewer    | Got a slimy silver ring
  1963 | Sewer    | Identified the ring "Pauril" {rF+ Int+4 Slay+2} (You found
                  | it in a sewer)
  1964 | Sewer    | Identified the ring "Fiohusak" {Str+5 Stlth-} (You found it
                  | in a sewer)
  2458 | D:3      | Noticed Natasha
  2463 | D:3      | Killed Natasha
  2463 | D:3      | Reached skill level 4 in Maces & Flails
  2595 | D:4      | Noticed a phantom
  2622 | D:4      | Killed a phantom
  2640 | D:4      | Found a staircase to the Ecumenical Temple.
  2650 | Temple   | Entered the Ecumenical Temple
  2683 | Temple   | Became a worshipper of the Shining One
  3034 | D:4      | Reached XP level 7. HP: 44/44 MP: 7/7
  3065 | D:4      | Found a snail-covered altar of Cheibriados.
  3107 | D:4      | Found Zoeceicu's Jewellery Shoppe.
  3335 | D:5      | Entered Level 5 of the Dungeon
  3691 | D:5      | Found a transporter.
  3694 | D:5      | Noticed Menchi's ghost (novice KoAs)
  3730 | D:5      | Reached skill level 5 in Maces & Flails
  3733 | D:5      | Found a transporter.
  3759 | D:5      | Reached skill level 5 in Shields
  3836 | D:5      | Reached * piety under the Shining One
  3867 | D:5      | Reached skill level 5 in Fighting
  3867 | D:5      | Reached skill level 5 in Armour
  3867 | D:5      | Reached XP level 8. HP: 47/49 MP: 8/8
  4002 | D:5      | Reached skill level 6 in Maces & Flails
  4184 | D:6      | Reached skill level 1 in Invocations
  4673 | D:6      | Reached XP level 9. HP: 50/55 MP: 10/10
  4805 | D:6      | Noticed Dowan
  4805 | D:6      | Noticed Duvessa
  4815 | D:6      | Killed Duvessa
  4823 | D:6      | Killed Dowan
  5052 | D:6      | Found an opulent altar of Gozag.
  5052 | D:6      | Found a sacrificial altar of Ru.
  5053 | D:6      | Found a deep blue altar of Sif Muna.
  5053 | D:6      | Found an ancient bone altar of Kikubaaqudgha.
  5053 | D:6      | Found a shattered altar of Ashenzari.
  5057 | D:6      | Found a sparkling altar of Nemelex Xobeh.
  5073 | D:6      | Reached ** piety under the Shining One
  5130 | D:6      | Reached skill level 7 in Maces & Flails
  5132 | D:6      | Noticed Grinder
  5146 | D:6      | Paralysed by Grinder for 7 turns
  5156 | D:6      | Killed Grinder
  5528 | D:7      | Found a glowing silver altar of Zin.
  5877 | D:7      | Noticed Joseph
  5896 | D:7      | Killed Joseph
  5896 | D:7      | Reached skill level 8 in Maces & Flails
  5896 | D:7      | Reached XP level 10. HP: 51/61 MP: 11/13
  5917 | D:7      | Found a shattered altar of Ashenzari.
  6250 | D:7      | Found a hide-covered altar of Uskayaw.
  6400 | D:7      | Got a translucent ring mail
  6411 | D:7      | Identified the cursed +1 ring mail of Makhleb's Envy {Str-2
                  | Dex+3} (You found it on level 7 of the Dungeon)
  6645 | D:8      | Reached *** piety under the Shining One
  6836 | D:8      | Got a faintly humming ring mail
  6847 | D:8      | Identified the +5 ring mail of the Wilderness {-Tele rCorr
                  | Int+4} (You found it on level 8 of the Dungeon)
  7299 | D:9      | Reached skill level 9 in Maces & Flails
  7309 | D:9      | Reached skill level 5 in Invocations
  7314 | D:9      | Reached skill level 5 in Dodging
  7339 | D:9      | Noticed a two-headed ogre
  7347 | D:9      | Killed a two-headed ogre
  7347 | D:9      | Reached XP level 11. HP: 24/68 MP: 13/15
  7934 | D:10     | Entered Level 10 of the Dungeon
  8016 | D:10     | Reached **** piety under the Shining One
  8042 | D:10     | Noticed Snorg
  8053 | D:10     | HP: 2/68 [Snorg (14)]
  8053 | D:10     | The Shining One protects you from harm!
  8054 | D:10     | Slain by Snorg

Skill      XL: |  1  2  3  4  5  6  7  8  9 10 11 |
---------------+----------------------------------+-----
Dodging        | 1 2 3 4 5 |  5.4
Maces & Flails | 3 4 5 6 8 9 |  9.7
Armour         | 4 5 6 7 |  7.9
Shields        | 4 5 6 7 8 |  8.0
Fighting       | 4 5 6 7 8 |  8.0
Invocations    | 1 4 5 |  5.7

Action                   |  1- 3 |  4- 6 |  7- 9 | 10-12 || total
-------------------------+-------+-------+-------+-------++-------
Melee: Flail             |    70 |    32 |   368 |   295 ||   765
       Whip              |    68 |   135 |       |       ||   203
       Mace              |     3 |       |       |       ||     3
  Use: Scroll            |       |    15 |     1 |     5 ||    21
       Potion            |       |       |     3 |     1 ||     4
  Eat: Chunk             |       |     2 |     2 |       ||     4
       Ration            |       |     2 |     3 |     2 ||     7
Armor: Scale mail        |    65 |    58 |       |       ||   123
       Chain mail        |       |    15 |   192 |    20 ||   227
       Ring mail         |       |       |       |    69 ||    69
Dodge: Dodged            |    51 |    45 |   102 |   112 ||   310
       Deflected         |       |       |       |     1 ||     1
Block: Shield            |    74 |    74 |   219 |   197 ||   564
